 Dungeon Crawl Stone Soup version 0.20.1-1-g8b1a95d66d (webtiles) character file.

187 Regynild the Chopper (level 5, 0/72 HPs)
             Began as a Hill Orc Berserker on Dec 12, 2017.
             Was a Believer of Trog.
             Succumbed to a worker ant's poison
             ... on level 3 of the Dungeon.
             The game lasted 00:23:56 (1671 turns).

Regynild the Chopper (Hill Orc Berserker)           Turns: 1671, Time: 00:23:56

Health: 0/72       AC:  8    Str: 25    XL:     5   Next: 66%
Magic:  5/5        EV: 10    Int:  7    God:    Trog [**....]
Gold:   106        SH:  0    Dex: 11    Spells: 4/4 levels left

rFire    . . .     SeeInvis .   n - +0 hand axe
rCold    . . .     Gourm    .   (no shield)
rNeg     + . .     Faith    +   x - +1 scale mail {rN+}
rPois    .         Spirit   .   (no helmet)
rElec    .         Reflect  .   k - +0 cloak
rCorr    .         Harm     .   (no gloves)
MR       .....                  (no boots)
Stlth    ..........             o - amulet of faith
Regen    0.3/turn               u - ring of loudness
MPRegen  0.1/turn               (no ring)

@: berserking, lethally poisoned (0 -> -7), very quick
A: no striking features
a: Berserk, Trog's Hand, Burn Spellbooks, Renounce Religion


You were on level 3 of the Dungeon.
You worshipped Trog.
Trog was pleased with you.
You were hungry.

You visited 1 branch of the dungeon, and saw 4 of its levels.

You collected 106 gold pieces.

Inventory:

Hand Weapons
 d - a +0 club
 n - a +0 hand axe (weapon)
 w - a +0 flail
Missiles
 f - 34 stones (quivered)
Armour
 b - a +0 animal skin
 j - a +0 ring mail of magic resistance
 k - a +0 cloak (worn)
 x - a +1 scale mail of positive energy (worn)
Jewellery
 o - an amulet of faith (around neck)
 u - a ring of loudness (left hand)
Scrolls
 g - 6 scrolls of identify {unknown}
 i - a scroll of recharging {unknown}
 r - a scroll of enchant armour {unknown}
 t - a scroll of amnesia {unknown}
Potions
 a - a potion of curing {unknown}
 e - a potion of agility {unknown}
 l - a potion of might {unknown}
 q - a potion of berserk rage {unknown}
 s - a potion of ambrosia
 z - a potion of heal wounds {unknown}
Comestibles
 c - a bread ration
 m - 2 royal jellies
 p - 2 meat rations


   Skills:
 * Level 5.0 Fighting
 * Level 6.7 Axes
 + Level 0.3 Throwing
 + Level 2.5 Armour
 - Level 1.5 Dodging
 + Level 0.6 Stealth


You had 4 spell levels left.
You didn't know any spells.

Dungeon Overview and Level Annotations

Branches:
Dungeon (4/15)
 Temple: D:4-7

Altars:
Ashenzari
Okawaru


Message History

You feel sick. The worker ant bites you.
* * * LOW HITPOINT WARNING * * *
You climb upwards.
There is a stone staircase leading down here.
As you read the scroll labeled YGESIETTUORY, it crumbles to dust.
You feel as if something is helping you.
It was a scroll of remove curse.
* * * LOW HITPOINT WARNING * * *
You feel sick. The worker ant bites you.
* * * LOW HITPOINT WARNING * * *
You are more poisoned.
The worker ant poisons you! The worker ant barely misses you.
A red film seems to cover your vision as you go berserk!
You feel yourself moving faster!
You feel mighty!
You are feeling hungry.
* * * LOW HITPOINT WARNING * * *
You feel sick. The worker ant bites you.
* * * LOW HITPOINT WARNING * * *
You feel a strong urge to attack something.
You die...

.#####...##### #.........#
#...##†.....# .# ...
#.).....# .# .#####..#....#
##.# ##...........# #..#
#(....######## ##.######
......≈g≈...# ##...#...##
......≈≈≈.8.# ##@........##
.........8_8# #>..........#
......≈≈≈.8.# #a..........#
......≈g≈...###...........#
###.##########...........##
....#....# #........#...##
.........##..#.##########
............##.#
...........# #.#


You could see a worker ant.

Vanquished Creatures
  The ghost of Giliarius the Charmwright, a weakling DrSk (D:3)
  Terence (D:3)
  A worker ant (D:4)
  4 adders
  3 worms
  2 dart slugs
  A leopard gecko (D:3)
  An orc (D:3)
  5 giant cockroaches
  6 hobgoblins
  4 jackals (D:3)
  A quokka (D:3)
  3 bats
  5 goblins
  3 kobolds
  6 rats
47 creatures vanquished.

Notes
Turn   | Place    | Note
-------+----------+-------------------------------------------
     0 | D:1      | Regynild the Hill Orc Berserker began the quest for the Orb.
     0 | D:1      | Reached XP level 1. HP: 19/19 MP: 1/1
    90 | D:1      | Reached XP level 2. HP: 20/27 MP: 2/2
   553 | D:2      | Reached skill level 5 in Axes
   553 | D:2      | Reached XP level 3. HP: 33/33 MP: 3/3
   557 | D:3      | Noticed Terence
   656 | D:2      | Found a shattered altar of Ashenzari.
   715 | D:2      | Reached ** piety under Trog
  1025 | D:2      | Reached XP level 4. HP: 39/41 MP: 4/4
  1388 | D:3      | Killed Terence
  1458 | D:3      | Reached skill level 6 in Axes
  1484 | D:3      | Noticed Giliarius's ghost (weakling DrSk)
  1499 | D:3      | Killed Giliarius's ghost
  1499 | D:3      | Reached XP level 5. HP: 47/47 MP: 5/5
  1534 | D:3      | Found an iron altar of Okawaru.
  1612 | D:4      | Reached skill level 5 in Fighting
  1670 | D:3      | HP: 1/72 [worker ant (4)]
  1671 | D:3      | Succumbed to a worker ant's poison

Skill      XL: |  1  2  3  4  5 |
---------------+----------------+-----
Fighting       | 4 5 |  5.0
Axes           | 5 6 |  6.7
Throwing       | |  0.3
Armour         | |  2.5
Dodging        | |  1.5
Stealth        | |  0.6

Action                   |  1- 3 |  4- 6 || total
-------------------------+-------+-------++-------
Melee: Hand axe          |    78 |    96 ||   174
Throw: Stone             |    19 |    13 ||    32
Invok: Berserk           |     1 |     3 ||     4
  Use: Potion            |       |     1 ||     1
       Scroll            |       |     1 ||     1
  Eat: Chunk             |     1 |       ||     1
       Bread ration      |       |     1 ||     1
Armor: Animal skin       |    17 |     5 ||    22
       Ring mail         |    11 |       ||    11
       Scale mail        |       |    30 ||    30
       Skin              |       |     2 ||     2
Dodge: Dodged            |    30 |    49 ||    79
